 Dungeon Crawl Stone Soup version 0.29.0-13-gc9e81de378 (webtiles) character file.

Game seed: 17147734654838102016

11880 Powertoast the Grappler (level 11, -10/111 HPs)
             Began as a Troll Fighter on Sept 8, 2022.
             Was a Follower of Wu Jian.
             Mangled by a centaur warrior
             ... wielding a +2 hand axe of electrocution
              (13 damage)
             ... on level 10 of the Dungeon.
             The game lasted 00:35:36 (9431 turns).

Powertoast the Grappler (Troll Fighter)             Turns: 9431, Time: 00:35:36

Health: -10/111    AC:  5    Str: 36    XL:     11   Next: 55%
Magic:  0/10       EV:  9    Int:  4    God:    Wu Jian [*.....]
Gold:   678        SH:  0    Dex:  9    Spells: 10/10 levels left

rFire   . . .      SeeInvis .     - Unarmed
rCold   . . .      Faith    .   b - +3 kite shield
rNeg    . . .      Spirit   +   a - +0 robe
rPois   .          Reflect  .   f - +1 hat
rElec   .          Harm     .   D - scarf {shadows}
rCorr   .          Rampage  .   (gloves unavailable)
Will    +....                   (boots unavailable)
Stlth   +.........              K - amulet of guardian spirit
HPRegen 1.08/turn               e - ring of willpower
MPRegen 0.12/turn               J - +6 ring of strength

@: confused, ambrosia-drunk
A: large, unfitting armour, claws 3, regeneration 1, shaggy fur 1, tough skin 1
a: Renounce Religion


You were on level 10 of the Dungeon.
You worshipped Wu Jian.
Wu Jian was aware of your devotion.
You visited 2 branches of the dungeon, and saw 11 of its levels.
You also visited: Bailey.

You collected 678 gold pieces.

Inventory:

Missiles
 n - 9 boomerangs
 q - 50 poisoned darts
 G - 4 throwing nets
 L - 14 large rocks (quivered)
 P - 3 silver javelins
Armour
 a - a +0 robe (worn)
 b - a +3 kite shield (worn)
 f - a +1 hat (worn)
 D - a scarf of shadows (worn)
Jewellery
 e - a ring of willpower (left claw)
 r - the macabre finger necklace {rN+}
   (You took it off an orc knight on level 10 of the Dungeon)

   [amulet of nothing]

   It enables you to equip an extra ring.
   rN:        It protects you from negative energy.
 H - a ring of resist corrosion
 J - a +6 ring of strength (right claw)
 K - an amulet of guardian spirit (around neck)
 O - an amulet of regeneration
 Q - a ring of protection from fire
Wands
 w - a wand of paralysis (14)
 I - a wand of quicksilver (5)
 M - a wand of flame (9)
Scrolls
 d - 4 scrolls of teleportation
 h - 5 scrolls of magic mapping
 j - a scroll of silence
 o - a scroll of noise {unknown}
 s - 2 scrolls of butterflies {unknown}
 t - 4 scrolls of torment
 y - 3 scrolls of vulnerability {unknown}
 z - 4 scrolls of poison {unknown}
 A - 3 scrolls of blinking {unknown}
 B - 4 scrolls of enchant weapon
 N - a scroll of fear {unknown}
 R - a scroll of identify
Potions
 c - 8 potions of curing
 i - 2 potions of magic
 k - a potion of invisibility {unknown}
 p - 3 potions of degeneration
 u - 3 potions of flight
 v - 3 potions of lignification
 x - 5 potions of brilliance
 C - 3 potions of cancellation {unknown}
 E - 2 potions of resistance {unknown}
 F - 3 potions of attraction {unknown}
Miscellaneous
 g - a tin of tremorstones (2/2)
 l - a piece from Xom's chessboard (15/15)


   Skills:
 + Level 7.9 Fighting
 + Level 5.4 Throwing
 - Level 5.0 Dodging
 - Level 5.0 Shields
 + Level 13.2 Unarmed Combat
 - Level 2.0 Evocations


You had 10 spell levels left.
You didn't know any spells.
Your spell library contained the following spells:

 Spells                   Type           Power      Damage    Failure   Level
 Beastly Appendage        Tmut           0%         N/A       77%         1
 Magic Dart               Conj           0%         1d3       77%         1
 Summon Small Mammal      Summ           0%         N/A       77%         1
 Call Imp                 Summ           0%         N/A       88%         2
 Wereblood                Tmut           0%         N/A       88%         2
 Call Canine Familiar     Summ           0%         N/A       98%         3
 Gell's Gravitas          Tloc           0%         N/A       98%         3
 Mephitic Cloud           Conj/Pois/Air  0%         N/A       98%         3
 Spider Form              Tmut/Pois      0%         N/A       98%         3
 Summon Guardian Golem    Hex/Summ       0%         N/A       98%         3
 Teleport Other           Tloc           0%         N/A       98%         3
 Dispersal                Tloc           0%         N/A       100%        6
 Iron Shot                Conj/Erth      0%         9d1       100%        6
 Shatter                  Erth           0%         3d5*      100%        9


Dungeon Overview and Level Annotations

Branches:
Dungeon (10/15)            Temple (1/1) D:7            Lair (0/5) D:8
    Orc (0/2) D:10         Bailey (visited)

Altars:
Ashenzari
Cheibriados
Dithmenos
Elyvilon
Fedhas
Gozag
Hepliaklqana
Kikubaaqudgha
Makhleb
Nemelex Xobeh
Qazlal
Sif Muna
Trog
Uskayaw
Vehumet
Wu Jian
Xom
Yredelemnul
Zin
The Shining One

Shops:
D:1 [   D:5 :   D:9 =


Innate Abilities, Weirdness & Mutations

You are too large for most types of armour.
You have claws for hands.
Your natural rate of healing is unusually fast.
You are covered in fur. (AC +1)
You have tough skin. (AC +1)


Message History

The centaur warrior shoots an arrow.
The arrow misses you.
Things that are here:
a +0 leather armour; a +0 broad axe
Okay, then.
You are no longer corroded.
The centaur warrior shoots an arrow.
The arrow hits you!
* * * LOW HITPOINT WARNING * * *
Things that are here:
a +0 leather armour; a +0 broad axe The centaur warrior unwields a +0 longbow.
The centaur warrior wields a +2 hand axe of electrocution.
You hear the crackle of electricity.
The centaur warrior closely misses you. You block the centaur warrior's attack.
The centaur warrior closely misses you. You block the centaur warrior's attack.
You barely miss the centaur warrior.
The centaur warrior hits you with a +2 hand axe of electrocution.
* * * LOW HITPOINT WARNING * * *
The centaur warrior completely misses you.
You claw the centaur warrior!
The centaur warrior is lightly wounded.
The centaur warrior closely misses you. The centaur warrior kicks you.
* * * LOW HITPOINT WARNING * * *
You mangle the centaur warrior!!
The centaur warrior is severely wounded.
You block the centaur warrior's attack.
The centaur warrior kicks you but does no damage.
The centaur warrior hits you with a +2 hand axe of electrocution!
* * * LOW HITPOINT WARNING * * *
The centaur warrior kicks you but does no damage.
You are confused.
You feel invigorated.
The centaur warrior hits you with a +2 hand axe of electrocution!
* * * LOW HITPOINT WARNING * * *
The centaur warrior kicks you.
* * * LOW HITPOINT WARNING * * *
You bump into the metal wall.
The centaur warrior hits you with a +2 hand axe of electrocution!
* * * LOW HITPOINT WARNING * * *
You are electrocuted!
You die...

..# ###..........#
#..#........ ..#
###......#.# #.......##.#
..# ###....#.##
#.......##.# #.#
###.....# ####......# ..#
###...#### ##...### ..#
###....## #...# #.# c#
#.###...####...### ..# ..
#.[.###...##...... #.#
#.##@#...###......... ..#
.# #.#.c###.÷...........
#.#
."[##.#)##...###.........
..#
#...#..#.###....#....##
..#
#..[†.###...##.#......
#.#
#..(###...####.#....##
#.# #..###.....# #.#....#
..# #..###...###.#
#.##.#.## ..#
.###.........# #........


You could see a centaur warrior.

Vanquished Creatures
  An ogre mage (D:10)
  3 two-headed ogres
  The ghost of ystael the Cleaver, a novice MiFi of the Shining One (D:8)
  An orc knight (D:10)
  An ugly thing (D:10)
  2 cyclopes
  A gargoyle (Bailey)
  A kobold demonologist (D:9)
  2 meliai (D:10)
  A troll (D:8)
  A ynoxinul (D:8)
  6 yaks
  2 vampires
  2 wyverns
  2 vampire mosquitoes (D:8)
  An acid dragon (D:10)
  Edmund (D:4)
  2 orc warriors
  A sky beast (D:6)
  An ogre (D:5)
  A black bear (D:5)
  3 ice beasts
  A wolf (D:8)
  6 centaurs
  4 kobold brigands
  2 necrophages
  A gnoll sergeant (D:6)
  5 scorpions
  6 wights
  5 killer bees (D:9)
  9 vampire bats (Bailey)
  6 wolf zombies (Bailey)
  3 electric eels
  2 howler monkeys
  2 jellies
  5 hounds
  An orc priest (D:7)
  Natasha (thrice) (D:4)
  4 iguanas
  4 orc wizards
  Robin (D:4)
  2 adders
  10 gnolls
  A shadow imp (D:6)
  3 ufetubi
  A dart slug (D:2)
  18 orcs
  8 ball pythons
  6 endoplasms
  3 giant cockroaches
  14 goblins
  5 hobgoblins
  3 jackals (D:3)
  3 quokkas (D:1)
  5 bats
  4 frilled lizards
  17 kobolds
  26 orc zombies (Bailey)
  11 rats
247 creatures vanquished.

Vanquished Creatures (others)
  An ogre (D:7)
  14 plants
15 creatures vanquished.

Grand Total: 262 creatures vanquished

Notes
Turn   | Place    | Note
-------+----------+-------------------------------------------
     0 | D:1      | Powertoast the Troll Fighter began the quest for the Orb.
     0 | D:1      | Reached XP level 1. HP: 22/22 MP: 0/0
   140 | D:1      | Reached XP level 2. HP: 21/29 MP: 1/1
   163 | D:1      | Reached skill level 3 in Unarmed Combat
   353 | D:1      | Found Ihistreck's Armour Boutique.
  1018 | D:2      | Reached XP level 3. HP: 36/36 MP: 2/2
  1205 | D:2      | Reached skill level 4 in Unarmed Combat
  1212 | D:2      | Reached XP level 4. HP: 22/44 MP: 3/3
  1735 | D:3      | Found a glowing silver altar of Zin.
  2306 | D:4      | Reached skill level 5 in Unarmed Combat
  2329 | D:4      | Noticed a centaur
  2340 | D:4      | Killed a centaur
  2341 | D:4      | Reached XP level 5. HP: 34/50 MP: 4/4
  2422 | D:4      | Reached skill level 6 in Unarmed Combat
  2467 | D:4      | Found a shadowy altar of Dithmenos.
  2494 | D:4      | Noticed Edmund
  2505 | D:4      | Killed Edmund
  2506 | D:4      | Reached XP level 6. HP: 59/59 MP: 5/5
  2576 | D:4      | Reached skill level 1 in Throwing
  2855 | D:4      | Noticed Robin
  2920 | D:4      | Killed Robin
  3229 | D:4      | Noticed Natasha
  3233 | D:4      | Reached skill level 1 in Evocations
  3236 | D:4      | Killed Natasha
  3237 | D:4      | Reached XP level 7. HP: 60/66 MP: 6/6
  3734 | D:4      | Noticed Natasha
  3740 | D:4      | Killed Natasha
  4020 | D:4      | Noticed Natasha
  4024 | D:4      | Killed Natasha
  4025 | D:4      | Reached skill level 7 in Unarmed Combat
  4051 | D:5      | Entered Level 5 of the Dungeon
  4062 | D:5      | Found Gon Kussyes's Book Emporium.
  4239 | D:5      | Reached skill level 8 in Unarmed Combat
  4483 | D:5      | Reached XP level 8. HP: 74/75 MP: 7/7
  4604 | D:5      | You fall into a shaft and drop 1 floor!
  4709 | D:6      | Reached skill level 9 in Unarmed Combat
  4827 | D:6      | Found a sparkling altar of Nemelex Xobeh.
  4949 | D:7      | Reached skill level 10 in Unarmed Combat
  5016 | D:7      | Found a flagged portal.
  5026 | Bailey   | Entered a bailey
  5428 | Bailey   | Reached XP level 9. HP: 80/83 MP: 8/8
  5612 | Bailey   | Noticed a gargoyle
  5617 | Bailey   | Killed a gargoyle
  5618 | Bailey   | Reached skill level 11 in Unarmed Combat
  5666 | Bailey   | Identified the +1 leather armour of Soloqa Goepp {rCorr}
  5667 | Bailey   | Identified the +1 chain mail "Yrotevo" {-Tele rElec rN+
                  | Int+4}
  6264 | D:7      | Found a radiant altar of Vehumet.
  6273 | D:7      | Found a stormy altar of Qazlal.
  6290 | D:7      | Reached skill level 5 in Fighting
  6294 | D:7      | Reached skill level 12 in Unarmed Combat
  6495 | D:7      | Found a bloodstained altar of Trog.
  6598 | D:7      | Found a staircase to the Ecumenical Temple.
  6606 | Temple   | Entered the Ecumenical Temple
  6629 | Temple   | Became a worshipper of the Wu Jian Council
  6819 | D:8      | Found a hide-covered altar of Uskayaw.
  6867 | D:8      | Noticed a cyclops
  6870 | D:8      | Reached XP level 10. HP: 96/96 MP: 9/9
  6889 | D:8      | Killed a cyclops
  7113 | D:8      | Found a runed translucent door.
  7121 | D:8      | Noticed ystael's ghost (novice MiFi)
  7151 | D:8      | Killed ystael's ghost
  7219 | D:8      | Got the Folio of the Ageless Knives
  7250 | D:8      | Noticed a two-headed ogre
  7256 | D:8      | Killed a two-headed ogre
  7257 | D:8      | Reached skill level 5 in Dodging
  7257 | D:8      | Reached skill level 5 in Shields
  7425 | D:8      | Found a glowing golden altar of the Shining One.
  7615 | D:8      | Found a staircase to the Lair.
  7962 | D:9      | Noticed an orange demon
  7967 | D:9      | Reached * piety under Wu Jian
  8166 | D:9      | Found Ataed's One-of-a-Kind Rings.
  8499 | D:9      | Noticed a two-headed ogre
  8502 | D:9      | Killed a two-headed ogre
  8503 | D:9      | Reached skill level 5 in Throwing
  8503 | D:9      | Reached XP level 11. HP: 103/107 MP: 8/10
  8762 | D:10     | Entered Level 10 of the Dungeon
  8765 | D:10     | Found a staircase to the Orcish Mines.
  8771 | D:10     | Noticed a two-headed ogre
  8774 | D:10     | Killed a two-headed ogre
  9141 | D:10     | Noticed a green ugly thing
  9141 | D:10     | Noticed an orc knight
  9199 | D:10     | Killed a green ugly thing
  9209 | D:10     | Noticed an orc knight
  9311 | D:10     | Killed an orc knight
  9357 | D:10     | Reached skill level 13 in Unarmed Combat
  9404 | D:10     | Noticed an ogre mage
  9409 | D:10     | Killed an ogre mage
  9416 | D:10     | Noticed a centaur warrior
  9430 | D:10     | HP: 3/111 [centaur warrior/+2 hand axe of electrocution
                  | (8)]
  9431 | D:10     | Mangled by a centaur warrior

Illustrated notes

Levels and vault maps discovered:
D:1:      lemuel_arrival_muddy, layout_basic, serial_shops, nicolae_square_shop,
          hex_tiny, lexackson_kobold_supper
D:2:      layout_basic, kennysheep_boxes
D:3:      layout_loops_cross, lemuel_crystal_altar
D:4:      layout_cave_pods, mainiacjoe_overflow_catwalk, uniq_robin,
          uniq_edmund, uniq_natasha
D:5:      layout_loops_ring, gammafunk_temple_overflow_pools, serial_shops,
          nicolae_diamond_shop
D:6:      layout_rooms, nemelex_spade_bored_becter, minmay_misc_feat_room
D:7:      layout_rooms, old_standard_altar, kennysheep_mini_moat,
          nicolae_qazlal_scattered_showers, lemuel_temple_firewalk_a,
          enter_bailey_1
D:8:      minmay_opposing_rooms, layout_basic, nicolae_tso_carved_into_rock,
          mainiacjoe_overflow_concentric_impassable, erik_lair_island,
          hellmonk_ghost_big_iron
D:9:      layout_rooms, minmay_crystal_water, nicolae_shop_unique_rings,
          eino_jars
D:10:     minmay_the_grid_triangle_9x9_recursive_2_mashed
          [minmay_the_grid_triangle_9x9_prize_center,
          minmay_the_grid_triangle_9x9_sprig,
          minmay_the_grid_triangle_9x9_cache,
          minmay_the_grid_triangle_9x9_corrupted_corridor], layout_loops_cross
Temple:   hellmonk_temple_two_chambers

Skill      XL: |  1  2  3  4  5  6  7  8  9 10 11 |
---------------+----------------------------------+-----
Unarmed Combat | 3 4 5 6 8 10 12 13 | 13.2
Throwing       | 1 2 5 |  5.4
Evocations     | 1 2 |  2.0
Fighting       | 3 5 6 7 |  7.9
Shields        | 3 5 |  5.0
Dodging        | 3 5 |  5.0

Action                   |  1- 3 |  4- 6 |  7- 9 | 10-12 || total
-------------------------+-------+-------+-------+-------++-------
Melee: Unarmed           |   104 |   129 |   330 |   195 ||   758
Throw: Boomerang         |       |     2 |     2 |       ||     4
       Dart              |       |       |       |    11 ||    11
       Large rock        |       |       |       |    12 ||    12
Invok: Lunge             |       |       |     1 |    17 ||    18
       Whirlwind         |       |       |       |     3 ||     3
Evoke: Wand              |       |       |       |     1 ||     1
  Use: Potion            |     1 |     2 |     1 |     5 ||     9
       Scroll            |       |     2 |    13 |     1 ||    16
 Stab: Sleeping          |       |     1 |       |       ||     1
Armor: Robe              |    33 |    42 |    83 |    27 ||   185
Dodge: Dodged            |    43 |    46 |   102 |    56 ||   247
Block: Kite shield       |    44 |    40 |   202 |    77 ||   363
